 Dungeon Crawl Stone Soup version 0.29-a0-775-g4d7333d4e2 (webtiles) character file.

Game seed: 14485911549242701331

348 ptdevnull the Slicer (level 6, -5/32 (34) HPs)
             Began as a Kobold Arcane Marksman on July 1, 2022.
             Was an Initiate of Makhleb.
             Splashed by a jelly's acid (8 damage)
             ... on level 4 of the Dungeon.
             The game lasted 00:05:52 (4297 turns).

ptdevnull the Slicer (Kobold Arcane Marksman)       Turns: 4297, Time: 00:05:54

HP:   -5/32 (34)    AC: -5    Str:  7    XL:     6   Next: 91%
MP:   7/7           EV: 15    Int: 14    God:    Makhleb [......]
Gold: 189           SH:  0    Dex: 18    Spells: 6/7 levels left

rFire   . . .      SeeInvis .   a - +2 dagger (venom)
rCold   . . .      Faith    .   (no shield)
rNeg    . . .      Spirit   .   c - +0 robe
rPois   .          Reflect  .   (no helmet)
rElec   .          Harm     .   (no cloak)
rCorr   .          Rampage  .   q - +0 pair of gloves
Will    +....                   (no boots)
Stlth   +++.......              (no amulet)
HPRegen 0.10/turn               s - ring of willpower
MPRegen 0.10/turn               (no ring)

@: corroded, drained
A: small, no large weapons, nightstalker 3
a: Renounce Religion


You were on level 4 of the Dungeon.
You worshipped Makhleb.
Makhleb was noncommittal.
You visited 1 branch of the dungeon, and saw 4 of its levels.

You collected 189 gold pieces.

Inventory:

Hand Weapons
 a - a +2 dagger of venom (weapon)
 b - a +0 sling
 l - a +0 dagger of holy wrath
 p - a +0 rapier
Armour
 c - a +0 robe (worn)
 q - a +0 pair of gloves (worn)
Jewellery
 s - a ring of willpower (left hand)
Wands
 n - a wand of polymorph (3)
Scrolls
 d - a scroll of vulnerability
 e - 6 scrolls of identify {unknown}
 g - 4 scrolls of teleportation {unknown}
 k - a scroll of fear {unknown}
Potions
 f - 2 potions of heal wounds {unknown}
 h - 2 potions of magic
 i - a potion of brilliance {unknown}
 j - 2 potions of curing {unknown}
 m - a potion of flight
 o - 2 potions of lignification
 r - 2 potions of degeneration {unknown}


   Skills:
 - Level 1.1 Fighting
 + Level 8.4 Short Blades
 - Level 2.9 Ranged Weapons
 - Level 2.4 Dodging
 - Level 1.1 Spellcasting
 - Level 3.0 Hexes


You had 6 spell levels left.
You knew the following spells:

 Your Spells              Type           Power      Damage    Failure   Level
a - Slow                  Hex            36%        N/A       8%          1

Your spell library contained the following spells:

 Spells                   Type           Power      Damage    Failure   Level
 Inner Flame              Hex/Fire       4%         N/A       38%         3
 Portal Projectile        Hex/Tloc       8%         N/A       38%         3
 Cause Fear               Hex            4%         N/A       58%         4


Dungeon Overview and Level Annotations

Branches:
Dungeon (4/15)
 Temple: D:4-7

Altars:
Makhleb
Vehumet

Annotations:
D:1 2 transporters


Innate Abilities, Weirdness & Mutations

You are small and have problems with some larger weapons.
You are completely attuned to the shadows.


Message History

The necrophage closely misses you.
You closely miss the necrophage.
The necrophage is heavily damaged.
The necrophage completely misses you.
You barely miss the necrophage.
The necrophage is heavily damaged.
You hit the necrophage.
The necrophage convulses.
The necrophage is severely damaged.
The necrophage barely misses you.
You hit the necrophage.
The necrophage convulses.
The necrophage is severely damaged.
You barely miss the necrophage.
The necrophage is severely damaged.
The necrophage hits you.
You feel drained.
You hit the necrophage.
The necrophage convulses.
The necrophage is almost destroyed.
The necrophage closely misses you.
You hit the necrophage.
You destroy the necrophage!
Makhleb accepts your kill.
Your Short Blades skill increases to level 8!
Your +0 dagger of holy wrath stops glowing.
Your +2 dagger of venom begins to drip with poison!
a - a +2 dagger of venom (weapon)
You barely miss the jelly. You hit the jelly.
Your hands burn!
The jelly is lightly wounded.
The jelly closely misses you.
You barely miss the jelly.
The jelly is lightly wounded.
You puncture the jelly! The acid corrodes you!
Your hands burn!
The jelly is heavily wounded.
The jelly closely misses you.
You hit the jelly.
Your hands burn!
* * * LOW HITPOINT WARNING * * *
The jelly is heavily wounded.
The jelly hits you.
* * * LOW HITPOINT WARNING * * *
The acid corrodes you!
You are splashed with acid!
You die...

# # #. #
####. #
........
..... ###
.......
##..) ..+
......
..... ###
#...#
##...
#..# ##..
# .. #J##
##. .#
..##@###.
#. .#
.........
..
.........
#
####..###
#..# #..#
###..#
#P...#
#...##


You could see a jelly.

Vanquished Creatures
  A necrophage (D:4)
  An orc priest (D:3)
  A hound (D:4)
  2 orc wizards
  Ijyb (D:3)
  8 adders
  A worm (D:2)
  5 dart slugs
  9 orcs
  4 ball pythons
  6 endoplasms
  7 giant cockroaches
  3 hobgoblins (D:2)
  2 kobolds
  A quokka (D:2)
  5 bats
  A frilled lizard (D:2)
  5 goblins
  3 rats
66 creatures vanquished.

Notes
Turn   | Place    | Note
-------+----------+-------------------------------------------
     0 | D:1      | ptdevnull the Kobold Arcane Marksman began the quest for
                  | the Orb.
     0 | D:1      | Reached XP level 1. HP: 12/12 MP: 2/2
    95 | D:1      | Reached skill level 1 in Short Blades
   193 | D:1      | Found a faded altar of an unknown god.
   322 | D:1      | Reached XP level 2. HP: 11/16 MP: 3/3
   616 | D:1      | Reached skill level 2 in Short Blades
   728 | D:1      | Found a transporter.
  1118 | D:2      | Reached skill level 3 in Short Blades
  1118 | D:2      | Reached XP level 3. HP: 12/20 MP: 4/4
  1561 | D:2      | Found a burning altar of Makhleb.
  1569 | D:2      | Reached skill level 4 in Short Blades
  1786 | D:2      | Reached XP level 4. HP: 21/25 MP: 5/5
  2463 | D:3      | Noticed Ijyb
  2467 | D:3      | Killed Ijyb
  2468 | D:3      | Reached skill level 5 in Short Blades
  2505 | D:3      | Reached XP level 5. HP: 25/29 MP: 6/6
  2791 | D:3      | Found a radiant altar of Vehumet.
  2887 | D:3      | Reached skill level 6 in Short Blades
  3301 | D:3      | Reached XP level 6. HP: 34/34 MP: 7/7
  3391 | D:2      | Became a worshipper of Makhleb the Destroyer
  3722 | D:4      | Reached skill level 7 in Short Blades
  4292 | D:4      | Reached skill level 8 in Short Blades
  4297 | D:4      | Splashed by a jelly's acid

Illustrated notes

Levels and vault maps discovered:
D:1:      spicycebolla_arrival_transporter_tutorial, layout_basic,
          dreamdust_ecumenical_altar_hidden_monk_grotto,
          amcnicky_mini_pool_small
D:2:      layout_basic, basic_altar, glass_columns_a
D:3:      layout_loops_cross, lemuel_doored_altar, uniq_ijyb
D:4:      layout_loops_corners, sigmund_edmund_badplayer, uniq_menkaure

Skill      XL: |  1  2  3  4  5  6 |
---------------+-------------------+-----
Short Blades   | 1 3 4 5 6 8 |  8.4
Fighting       | |  1.1
Ranged Weapons | |  2.9
Dodging        | |  2.4
Spellcasting   | |  1.1
Hexes          | |  3.0

Action                   |  1- 3 |  4- 6 || total
-------------------------+-------+-------++-------
Melee: Dagger            |    43 |   143 ||   186
       Punch             |       |     2 ||     2
 Fire: Sling             |     4 |       ||     4
  Use: Potion            |       |     3 ||     3
 Stab: Sleeping          |    11 |    10 ||    21
       Distracted        |       |     1 ||     1
Armor: Robe              |     2 |     9 ||    11
       Skin              |       |     9 ||     9
Dodge: Dodged            |    11 |    53 ||    64

Table legend: (Time is in decaauts)
 A = Elapsed time spent in this place.
 B = Non-inter-level travel time spent in this place.
 C = Inter-level travel time spent in this place.
 D = Time resting spent in this place.
 E = Time spent auto-exploring this place.
 F = Levels seen in this place.
 G = Mean time per level.
                   A        B        C        D        E       F      G
               +--------+--------+--------+--------+--------+-----+--------+
         Total |   4245 |   4140 |    105 |    412 |   3286 |   4 | 1061.2 |
       Dungeon |   4245 |   4140 |    105 |    412 |   3286 |   4 | 1061.2 |
               +--------+--------+--------+--------+--------+-----+--------+

Top non-repeatable levels by time:
     D:2: 1339 daAuts
     D:3: 1262 daAuts
     D:1: 1025 daAuts
     D:4: 618 daAuts
